 Dungeon Crawl Stone Soup version 0.24-a0-184-gcb5ae2c (webtiles) character file.

Game seed: 5523028730371552795

130 Dfrag the Grave Robber (level 4, 0/36 HPs)
             Began as a Deep Dwarf Necromancer on Mar 15, 2019.
             Slain by a worker ant (5 damage)
             ... on level 4 of the Dungeon.
             The game lasted 00:03:07 (1300 turns).

Dfrag the Grave Robber (Deep Dwarf Necromancer)     Turns: 1300, Time: 00:03:08

Health: 0/36       AC:  2    Str: 12    XL:     4   Next: 89%
Magic:  0/9        EV: 12    Int: 16    God:
Gold:   135        SH:  0    Dex: 13    Spells: 6/10 levels left

rFire    . . .     SeeInvis +   m - +1 short sword (speed)
rCold    . . .     Gourm    .   (no shield)
rNeg     . . .     Faith    .   a - +0 robe
rPois    .         Spirit   .   (no helmet)
rElec    .         Reflect  .   (no cloak)
rCorr    .         Harm     .   (no gloves)
MR       .....                  (no boots)
Stlth    ++........             (no amulet)
HPRegen  0.00/turn              b - ring of see invisible
MPRegen  0.11/turn              (no ring)

@: lethally poisoned (0 -> 0), non-regenerating
A: damage resistance, heal wounds, sense surroundings 1, no regeneration
a: Heal Wounds


You were on level 4 of the Dungeon.
You were hungry.

You visited 1 branch of the dungeon, and saw 4 of its levels.

You collected 135 gold pieces.

Inventory:

Hand Weapons
 d - a +0 hand axe
 m - a +1 short sword of speed (weapon)
Armour
 a - a +0 robe (worn)
Jewellery
 b - a ring of see invisible (left hand)
Scrolls
 e - 2 scrolls of teleportation {unknown}
 g - a scroll of noise {unknown}
 h - 2 scrolls of enchant armour {unknown}
 i - a scroll of identify {unknown}
 n - 2 scrolls of remove curse {unknown}
 o - a scroll of enchant weapon {unknown}
Potions
 f - a potion of agility {unknown}
 j - a potion of curing {unknown}
 k - a potion of mutation {unknown}
 p - a potion of ambrosia {unknown}
Comestibles
 c - 5 rations
 l - 2 chunks of flesh


   Skills:
 - Level 2.1 Dodging
 - Level 2.4 Stealth
 * Level 3.7 Spellcasting
 + Level 5.3 Necromancy


You had 6 spell levels left.
You knew the following spells:

 Your Spells              Type           Power        Failure   Level  Hunger
a - Pain                  Necr           ###.         1%          1    None
b - Vampiric Draining     Necr           ###.......   6%          3    ###....

Your spell library contained the following spells:

 Spells                   Type           Power        Failure   Level  Hunger
 Animate Skeleton         Necr           N/A          1%          1    None
 Animate Dead             Necr           N/A          21%         4    ####...
 Regeneration             Chrm/Necr      Unusable     N/A         3    N/A

Dungeon Overview and Level Annotations

Branches:
Dungeon (4/15)
 Temple: D:4-7

Altars:

Annotations:
D:1 1 runed translucent door
D:3 Grinder


Innate Abilities, Weirdness & Mutations

You are resistant to damage.
You can heal yourself by infusing magical energy.
You passively map a small area around you.
You do not regenerate.


Message History

Aiming: Vampiric Draining (safe; 6% risk of failure)
Press: ? - help, Shift-Dir - straight line, f/p - worker ant
Aim: a worker ant (moderately wounded)
The worker ant is heavily wounded.
You feel life coursing into your body. The worker ant barely misses you.
Unknown command.
The worker ant bites you.
* * * LOW HITPOINT WARNING * * *
You are poisoned.
The worker ant poisons you!
You hit the worker ant but do no damage.
The worker ant is heavily wounded.
The worker ant barely misses you.
Casting: Vampiric Draining (safe; 6% risk of failure)
Confirm with . or Enter, or press ? or * to list all spells.
Aiming: Pain (safe; 1% risk of failure)
Press: ? - help, Shift-Dir - straight line, f/p - worker ant
Aim: a worker ant (heavily wounded, chance to defeat MR: 84%)
The worker ant writhes in agony.
The worker ant bites you!
You die...

* , , * , , +
####### ,* ,* ,
...... .#
#...######... , * *
#............ ,
,*#...@........ **
#...#a######. , ,
,*#...'........ , ,
*, #...#.#......
*#[)<#.#######
.........#........
..................
, ,
,..................
,
..................
,


You could see a worker ant.

Vanquished Creatures
  A howler monkey (D:2)
  Jessica (D:2)
  2 adders
  A dart slug (D:1)
  A ball python (D:1)
  A giant cockroach (D:2)
  9 goblins
  6 hobgoblins
  4 jackals
  8 kobolds
  A quokka (D:2)
  2 bats
  3 frilled lizards
  3 rats
43 creatures vanquished.

Notes
Turn   | Place    | Note
-------+----------+-------------------------------------------
     0 | D:1      | Dfrag the Deep Dwarf Necromancer began the quest for the
                  | Orb.
     0 | D:1      | Reached XP level 1. HP: 15/15 MP: 3/3
     3 | D:1      | Found a runed translucent door.
   131 | D:1      | Reached XP level 2. HP: 20/22 MP: 0/5
   648 | D:1      | Reached XP level 3. HP: 24/28 MP: 1/7
   713 | D:1      | Learned a level 3 spell: Vampiric Draining
   904 | D:2      | Reached skill level 5 in Necromancy
   904 | D:2      | Reached XP level 4. HP: 19/36 MP: 0/9
  1188 | D:2      | Noticed Jessica
  1191 | D:2      | Killed Jessica
  1269 | D:3      | Noticed Grinder
  1300 | D:4      | Slain by a worker ant

Levels and vault maps discovered:
D:1:      dpeg_arrival_caged_fury, layout_rooms
D:2:      layout_rooms, uniq_jessica
D:3:      minmay_evil_eye, layout_loops_cross,
          grunt_temple_overflow_gold_and_silver,
          nicolae_ru_sacrificial_ziggurat, uniq_grinder, uniq_natasha
D:4:      layout_basic, fedhas_altar_2, grunt_ministairs_9,
          kennysheep_generic_room_3, uniq_sigmund

Skill      XL: |  1  2  3 |
---------------+----------+-----
Spellcasting   | 2 3 |  3.7
Necromancy     | 5 |  5.3
Dodging        | |  2.1
Stealth        | |  2.4

Action                   |  1- 3 |  4- 6 || total
-------------------------+-------+-------++-------
Melee: Hand axe          |    27 |       ||    27
       Short sword       |    10 |     2 ||    12
 Cast: Pain              |    49 |     8 ||    57
       Vampiric Draining |     2 |     9 ||    11
 Abil: Heal Wounds       |     1 |       ||     1
  Eat: Chunk             |     1 |     1 ||     2
Armor: Robe              |    12 |     1 ||    13
Dodge: Dodged            |    43 |     6 ||    49

Table legend:
 A = Non-vault XP
 B = Vault XP
 C = Vault XP percentage of total XP
 D = Non-vault monster count
 E = Vault monster count
 F = Vault count percentage of total count
                 A         B        C        D         E       F
            +---------+---------+-------+---------+---------+-------
      Total |     149 |      37 |  19.9 |      42 |       1 |   2.3
            +---------+---------+-------+---------+---------+-------
        D:1 |      44 |       0 |   0.0 |      19 |       0 |   0.0
        D:2 |     103 |      37 |  26.4 |      22 |       1 |   4.3
        D:4 |       2 |       0 |   0.0 |       1 |       0 |   0.0
            +---------+---------+-------+---------+---------+-------
